 Dungeon Crawl Stone Soup version 0.29.0-11-gd7f09526c8 (console) character file.

Game seed: 12251030813492434626

3129 jejorda2 the Trooper (level 9, -3/69 HPs)
             Began as a Vampire Venom Mage on Sept 3, 2022.
             Was a Follower of Vehumet.
             Slain by a yak (11 damage)
             ... on level 7 of the Dungeon.
             The game lasted 00:53:59 (8946 turns).

jejorda2 the Trooper (Vampire Venom Mage)           Turns: 8946, Time: 00:54:00

Health: -3/69      AC:  6    Str:  8      XL:     9   Next: 61%
Magic:  9/17       EV: 12    Int: 17 (19) God:    Vehumet [*.....]
Gold:   94         SH:  0    Dex: 15      Spells: 7/18 levels left

rFire   . . .      SeeInvis +   a - staff of poison
rCold   . . .      Faith    .   D - orb {*channel}
rNeg    + . .      Spirit   .   x - +0 robe {Archmagi}
rPois   +          Reflect  .   (no helmet)
rElec   .          Harm     .   s - +2 ratskin cloak {*Rats rPois rN+ Str-1 Int-1 Dex+1}
rCorr   .          Rampage  .   I - +0 pair of gloves
Will    .....      Archmagi +   (no boots)
Stlth   ++........              n - amulet of magic regeneration
HPRegen 0.41/turn               d - ring of poison resistance
MPRegen 0.55/turn               b - ring of flight

@: flying, healing quickly
A: alive, fangs 3, see invisible, vampiric 2
a: Exsanguinate, Renounce Religion


You were on level 7 of the Dungeon.
You worshipped Vehumet.
Vehumet was aware of your devotion.
You visited 2 branches of the dungeon, and saw 8 of its levels.

You collected 360 gold pieces.
You spent 266 gold pieces at shops.

Inventory:

Hand Weapons
 i - a +1 dagger of flaming
 w - a +4 spear of freezing
Missiles
 e - 48 stones
 h - 6 javelins
 m - a throwing net
 t - 14 poisoned darts
Armour
 s - the +2 ratskin cloak (worn) {*Rats rPois rN+ Str-1 Int-1 Dex+1}
   (You found it on level 2 of the Dungeon)

   When the wearer is hurt, rats may emerge from it to assist them.
   Str:       It affects your strength (-1).
   Int:       It affects your intelligence (-1).
   Dex:       It affects your dexterity (+1).
   rPois:     It protects you from poison.
   rN:        It protects you from negative energy.
 x - a +0 robe of the Archmagi (worn)
 D - an orb of energy (worn)
 I - a +0 pair of gloves (worn)
Magical Staves
 a - a staff of poison (weapon)
 A - a staff of fire
Jewellery
 b - a ring of flight (right hand)
 d - a ring of poison resistance (left hand)
 n - an amulet of magic regeneration (around neck)
Wands
 r - a wand of flame (5)
 y - a wand of roots (2)
Scrolls
 f - 2 scrolls of enchant weapon
 k - a scroll of blinking
 p - 5 scrolls of fear
 u - a scroll of teleportation
 B - 2 scrolls of poison
 F - a scroll of amnesia
 H - a scroll of summoning {unknown}
Potions
 c - 3 potions of curing
 g - 3 potions of lignification
 j - a potion of might
 l - a potion of berserk rage
 o - 3 potions of haste
 q - a potion of flight {unknown}
 v - 2 potions of brilliance
 z - a potion of magic
 C - a potion of attraction {unknown}
 E - a potion of invisibility {unknown}
 G - a potion of cancellation {unknown}


   Skills:
 - Level 6.0 Fighting
 * Level 5.4 Staves
 - Level 2.1 Dodging
 - Level 3.0 Stealth
 + Level 5.3 Spellcasting
 - Level 3.0 Conjurations
 - Level 1.1 Transmutations
 + Level 3.8 Air Magic
 + Level 4.4 Poison Magic
 - Level 3.0 Evocations


You had 7 spell levels left.
You knew the following spells:

 Your Spells              Type           Power      Damage    Failure   Level
a - Sting                 Tmut/Pois      100%       1d8       4%          1
b - Poisonous Vapours     Pois/Air       84%        N/A       3%          2
c - Mephitic Cloud        Conj/Pois/Air  39%        N/A       9%          3
d - Shock                 Conj/Air       96%        1d9       3%          1
e - Olgreb's Toxic Radia  Pois           44%        N/A       22%         4

Your spell library contained the following spells:

 Spells                   Type           Power      Damage    Failure   Level
 Slow                     Hex            24%        N/A       14%         1
 Confusing Touch          Hex            6%         N/A       38%         3
 Inner Flame              Hex/Fire       6%         N/A       38%         3
 Vampiric Draining        Necr           6%         2d6       38%         3
 Cause Fear               Hex            3%         N/A       80%         4
 Discord                  Hex            3%         N/A       100%        8


Dungeon Overview and Level Annotations

Branches:
Dungeon (7/15)             Temple (1/1) D:4

Altars:
Cheibriados
Dithmenos
Fedhas
Gozag
Hepliaklqana
Kikubaaqudgha
Makhleb
Nemelex Xobeh
Okawaru
Qazlal
Ru
Sif Muna
Trog
Vehumet
Wu Jian
Xom

Shops:
D:3 [?

Annotations:
D:5 exclusion: phantom


Innate Abilities, Weirdness & Mutations

Your natural rate of healing is accelerated.
You have razor-sharp teeth.
You have supernaturally acute eyesight. (SInv)
You are afflicted with vampirism and can become a bat while bloodless.


Message History

You feel a strong surge of power!
The ball explodes into a vile cloud!
The yak gores you but does no damage.
Unknown command.
The yak attacks as you move away! The yak barely misses you.
Your river rat bites the yak. x2
Casting: Mephitic Cloud (dangerous; 10% risk of failure)
Confirm with . or Enter, or press ? or * to list all spells.
Aiming: Mephitic Cloud (dangerous; 10% risk of failure)
Press: ? - help, Shift-Dir - straight line, f/p - yak
Aim: a yak (lightly wounded, chance to affect: 67%)
You feel a strong surge of power!
The ball explodes into a vile cloud!
The stinking cloud engulfs the yak but does no damage.
The yak is lightly wounded.
The stinking cloud engulfs the yak but does no damage.
The yak is heavily wounded.
The stinking cloud engulfs you but does no damage.
Your river rat bites the yak!
The yak gores your river rat but does no damage.
The yak is engulfed in noxious fumes.
The yak closely misses you.
The yak is engulfed in noxious fumes.
The yak appears confused.
The yak gores your river rat!
Your river rat is killed!
Your river rat bites the yak but does no damage.
The yak is engulfed in noxious fumes.
The yak appears confused.
The yak gores itself!
The yak is engulfed in noxious fumes.
Your river rat bites the yak.
The yak dies!
Vehumet accepts your kill.
You feel your intelligence returning.
Casting: Mephitic Cloud (dangerous; 9% risk of failure)
Confirm with . or Enter, or press ? or * to list all spells.
Aiming: Mephitic Cloud (dangerous; 9% risk of failure)
Press: ? - help, Shift-Dir - straight line, f/p - yak
Aim: a yak (noxious fumes, lightly wounded, chance to affect: 67%)
You feel a strong surge of power!
The ball explodes into a vile cloud!
The stinking cloud engulfs the yak but does no damage.
The yak is lightly wounded.
The stinking cloud engulfs you but does no damage.
The yak is engulfed in noxious fumes.
The yak gores you!
You die...

.##.# #...†)..# ..#.#
#..☼....# ..#.#
########......## ..#.#
#.............+
..#.######.#####Yr.....#
..#.#..........#°......#
###.#.####.###.#☼#######
......# #... #Y# ###.###
##### #@# #...
.........# #####
##########


You could see 2 yaks and a friendly river rat.

Vanquished Creatures
  A two-headed ogre (D:6)
  A yak (D:7)
  A steam dragon (D:7)
  An orc warrior (D:7)
  A black bear (D:6)
  An ogre (D:5)
  A necrophage (D:6)
  2 scorpions
  5 wights (D:6)
  4 orc priests
  A hound (D:5)
  Jessica (D:2)
  4 iguanas
  Natasha (twice) (D:2)
  6 orc wizards
  16 gnolls
  7 adders
  An ufetubus (D:6)
  4 dart slugs
  21 orcs
  11 ball pythons
  9 endoplasms
  2 giant cockroaches
  5 goblins
  2 hobgoblins
  4 jackals (D:1)
  3 kobolds
  4 quokkas
  6 bats
  2 frilled lizards
  5 rats
134 creatures vanquished.

Vanquished Creatures (collateral kills)
  3 yaks (D:7)
  An ice beast (D:4)
  A scorpion (D:5)
  A wight (D:6)
  An orc priest (D:4)
  2 iguanas (D:5)
  Terence (D:3)
  Natasha (D:2)
  2 gnolls (D:5)
  An orc (D:4)
  An endoplasm (D:3)
  A ball python (D:3)
  A kobold (D:4)
17 creatures vanquished.

Grand Total: 151 creatures vanquished

Notes
Turn   | Place    | Note
-------+----------+-------------------------------------------
     0 | D:1      | jejorda2 the Vampire Venom Mage began the quest for the
                  | Orb.
     0 | D:1      | Reached XP level 1. HP: 13/13 MP: 3/3
   120 | D:1      | Reached XP level 2. HP: 17/20 MP: 0/5
   236 | D:1      | Reached skill level 1 in Fighting
   288 | D:1      | Learned a level 2 spell: Poisonous Vapours
   669 | D:1      | Gained mutation: You are afflicted with vampirism and can
                  | become a bat while bloodless. [Vampire growth]
   669 | D:1      | Reached XP level 3. HP: 26/26 MP: 1/6
   907 | D:1      | Reached skill level 1 in Air Magic
   914 | D:1      | Learned a level 3 spell: Mephitic Cloud
  1013 | D:1      | Found a faded altar of an unknown god.
  1517 | D:2      | Noticed Jessica
  1536 | D:2      | Killed Jessica
  1642 | D:2      | Found the +2 ratskin cloak {*Rats rPois rN+ Str-1 Int-1
                  | Dex+1}
  1646 | D:2      | Reached XP level 4. HP: 33/33 MP: 4/7
  1814 | D:2      | Noticed Natasha
  1821 | D:2      | Killed Natasha
  1822 | D:2      | Reached skill level 2 in Fighting
  2366 | D:2      | Noticed Natasha
  2371 | D:2      | Killed Natasha
  2372 | D:2      | Reached XP level 5. HP: 23/38 MP: 1/8
  2620 | D:2      | Noticed Natasha
  2633 | D:2      | Killed Natasha
  3147 | D:3      | Noticed Terence
  3157 | D:3      | Killed Terence
  3158 | D:3      | Reached skill level 1 in Conjurations
  3325 | D:3      | Found Necw's Magic Scroll Boutique.
  3341 | D:3      | Bought a scroll of teleportation for 30 gold pieces
  3341 | D:3      | Bought a scroll of fear for 40 gold pieces
  3341 | D:3      | Bought a scroll of identify for 20 gold pieces
  3351 | D:3      | Found an iron altar of Okawaru.
  3366 | D:3      | Reached skill level 1 in Staves
  3515 | D:3      | Reached XP level 6. HP: 46/46 MP: 5/9
  3811 | D:3      | Reached skill level 3 in Fighting
  4057 | D:3      | Found Suilonajo's Armour Boutique.
  4571 | D:4      | Noticed an ice beast
  4582 | D:4      | Killed an ice beast
  4677 | D:4      | Reached XP level 7. HP: 18/52 MP: 2/10
  5133 | D:4      | Found a sparkling altar of Nemelex Xobeh.
  5339 | D:4      | Found a staircase to the Ecumenical Temple.
  5354 | Temple   | Entered the Ecumenical Temple
  5359 | Temple   | Became a worshipper of Vehumet
  5402 | D:4      | Found a burning altar of Makhleb.
  5404 | D:4      | Noticed an Executioner
  5648 | D:5      | Entered Level 5 of the Dungeon
  5916 | D:5      | Found a stormy altar of Qazlal.
  5974 | D:5      | Reached skill level 4 in Fighting
  6555 | D:5      | Reached XP level 8. HP: 60/60 MP: 6/12
  6712 | D:5      | Reached skill level 1 in Evocations
  6906 | D:3      | Bought an orb of energy for 176 gold pieces
  7046 | D:6      | Found a bloodstained altar of Trog.
  7103 | D:6      | Noticed a two-headed ogre
  7122 | D:6      | Found an ornate altar of the Wu Jian Council.
  7613 | D:6      | Found a shimmering altar of Xom.
  7696 | D:6      | Killed a two-headed ogre
  7696 | D:6      | Reached * piety under Vehumet
  7696 | D:6      | Offered knowledge of Shock by Vehumet.
  7697 | D:6      | Reached skill level 5 in Fighting
  7697 | D:6      | Reached XP level 9. HP: 37/68 MP: 10/15
  7699 | D:6      | Learned a level 1 spell: Shock
  8385 | D:6      | Learned a level 4 spell: Olgreb's Toxic Radiance
  8531 | D:7      | Reached skill level 5 in Spellcasting
  8928 | D:7      | Reached skill level 6 in Fighting
  8932 | D:7      | Reached skill level 5 in Staves
  8932 | D:7      | HP: 2/69 [yak (5)]
  8946 | D:7      | Slain by a yak

Illustrated notes

Levels and vault maps discovered:
D:1:      reono_arrival_forest_river, layout_basic,
          shapermc_ecumenical_altar_mp_vishouse, minmay_tetromino_l4
D:2:      layout_rooms, roderic_lattice_a, uniq_natasha, uniq_jessica
D:3:      layout_loops_ring, old_standard_altar, serial_shops,
          nicolae_shop_trees, shop, chequers_serial_rivers_small_3, st_stairs_4,
          uniq_terence
D:4:      layout_rooms, makhleb_altar_promises_db,
          mainiacjoe_overflow_surrounded_room, minmay_temple_entry_ruins
D:5:      layout_basic, mainiacjoe_overflow_alcove_4, grunt_ministairs_12,
          hangedman_decor_growths, nicolae_titane
D:6:      layout_rooms, mainiacjoe_overflow_brackets,
          mainiacjoe_overflow_small_starburst, nicolae_wu_jian_wuxing_cycle,
          nicolae_tso_carved_into_rock
D:7:      layout_basic, serial_shops, shop
Temple:   minmay_freezing_vapour_temple

Skill      XL: |  1  2  3  4  5  6  7  8  9 |
---------------+----------------------------+-----
Poison Magic   | 3 4 |  4.4
Fighting       | 1 2 3 4 5 6 |  6.0
Air Magic      | 2 3 |  3.8
Conjurations   | 1 2 3 |  3.0
Staves         | 1 2 4 5 |  5.4
Evocations     | 3 |  3.0
Spellcasting   | 4 5 |  5.3
Dodging        | |  2.1
Stealth        | |  3.0
Transmutations | |  1.1

Action                   |  1- 3 |  4- 6 |  7- 9 || total
-------------------------+-------+-------+-------++-------
Melee: Spear             |    20 |    42 |       ||    62
       Bite              |     1 |    15 |    31 ||    47
       Punch             |       |     3 |     1 ||     4
       Staff             |       |    48 |   205 ||   253
       Trident           |       |     6 |    59 ||    65
Throw: Dart              |       |       |     1 ||     1
 Cast: Sting             |    33 |    38 |    45 ||   116
       Poisonous Vapours |    10 |    13 |    51 ||    74
       Mephitic Cloud    |       |     4 |    22 ||    26
       Shock             |       |       |    42 ||    42
       Olgreb's Toxic Ra |       |       |     2 ||     2
Evoke: Wand              |       |       |     4 ||     4
  Use: Scroll            |       |    12 |     6 ||    18
       Potion            |       |       |     1 ||     1
 Stab: Sleeping          |     1 |     2 |     1 ||     4
       Confused          |       |     4 |     9 ||    13
Armor: Robe              |     1 |       |     6 ||     7
       Leather armour    |       |    21 |    57 ||    78
Dodge: Dodged            |    14 |    39 |   135 ||   188
